 Dungeon Sprint DCSS version 0.26-a0-708-g17f3b190f9 (webtiles) character file.

Game seed: 10713380304277969877

178759 mhtbhm the Hoplite (level 17, -68/144 HPs)
             Began as a Halfling Fighter on Oct 29, 2020.
             Was the Champion of Trog.
             Killed from afar by Xtahua (94 damage)
             ... with a searing blast
             ... while paralysed by Xtahua
             ... in the Dungeon (Sprint IX: "|||||||||||||||||||||||||||||").
             The game lasted 00:18:43 (9888 turns).

mhtbhm the Hoplite (Halfling Fighter)               Turns: 9888, Time: 00:18:43

Health: -68/144    AC: 30    Str: 22    XL:     17   Next: 21%
Magic:  5/5        EV:  3    Int:  6    God:    Trog [******]
Gold:   1796       SH:  0    Dex: 16    Spells: 16/16 levels left

rFire    . . .     SeeInvis .   a - +4 demon blade (antimagic)
rCold    . . .     Faith    .   c - +0 kite shield
rNeg     . . .     Spirit   .   b - +1 storm dragon scales
rPois    +         Reflect  .   m - +1 helmet
rElec    +         Harm     .   l - +0 cloak {Stlth+}
rCorr    .         Rampage  .   t - +0 pair of gloves
MR       +....     NoTele   +   (no boots)
Stlth    ++........             (no amulet)
HPRegen  0.34/turn              y - ring of poison resistance
MPRegen  0.09/turn              C - +4 ring of protection

@: paralysed
A: small, icy blue scales 1, camouflage 1, mutation resistance 1
}: 4/17 runes: decaying, serpentine, barnacled, gossamer
a: Berserk, Trog's Hand, Brothers in Arms, Renounce Religion


You were in the Dungeon.
You worshipped Trog.
Trog was exalted by your worship.
You visited 1 branch You collected 1946 gold pieces.
You spent 150 gold pieces at shops.

Inventory:

Hand Weapons
 a - a +4 antimagic demon blade (weapon)
 u - a +2 scimitar of holy wrath
 w - a +5 scimitar of flaming
 B - a +1 rapier of speed
Armour
 b - +1 storm dragon scales (worn)
 c - a +0 kite shield (worn)
 l - a +0 cloak of stealth (worn)
 m - a +1 helmet (worn)
 o - +0 swamp dragon scales
 t - a +0 pair of gloves (worn)
Jewellery
 j - a +2 ring of slaying
 y - a ring of poison resistance (left hand)
 z - an uncursed ring of protection from cold
 A - an uncursed ring of see invisible
 C - a +4 ring of protection (right hand)
Scrolls
 i - 2 scrolls of fear
 k - 5 scrolls of remove curse
 n - a scroll of blinking
 p - 5 scrolls of fog
 q - 8 scrolls of enchant weapon
 r - 6 scrolls of enchant armour
 x - a scroll of identify
Potions
 d - 3 potions of might
 e - 6 potions of curing
 f - 7 potions of heal wounds
 g - 4 potions of haste
 h - 5 potions of magic
 s - 2 potions of berserk rage
 v - 2 potions of stabbing


   Skills:
 + Level 21.8 Fighting
 + Level 23.7 Long Blades
 + Level 0.5 Throwing
 + Level 16.8 Armour
 + Level 16.8 Dodging
 - Level 9.3 Stealth
 + Level 25.8 Shields
   Level 3.8 Evocations


You had 16 spell levels left.
You didn't know any spells.
Your spell library was empty.

Dungeon Overview and Level Annotations

Branches:
Dungeon (1/1)

Altars:
Cheibriados
Dithmenos
Elyvilon
Fedhas
Gozag
Hepliaklqana
Kikubaaqudgha
Makhleb
Nemelex Xobeh
Okawaru
Qazlal
Ru
Sif Muna
Trog
Uskayaw
Vehumet
Wu Jian
Xom
Yredelemnul
Zin
The Shining One
Beogh
Jiyva
Lugonu

Shops:
D !:((

Annotations:
D Snorg, Xtahua


Innate Abilities, Weirdness & Mutations

You are small and have problems with some larger weapons.
You are somewhat resistant to further mutation.
You are partially covered in icy blue scales. (AC +2)
Your skin changes colour to match your surroundings (Stealth+).


Message History

Xtahua is moderately wounded.
Xtahua breathes flames at you. The searing blast hits you!!!!
Ouch! That really hurt!
* * * LOW HITPOINT WARNING * * *
You hit Xtahua but do no damage.
Xtahua is moderately wounded.
Unknown command.
Press: ? - help, Dir - move target cursor
As you read the scroll of blinking, it crumbles to dust.
Xtahua roars overwhelmingly at you!
You suddenly lose the ability to move!
Xtahua roars overwhelmingly at you!
You struggle to resist.
Xtahua roars overwhelmingly at you!
You shrug off the repeated paralysis!
Xtahua breathes flames at you. The searing blast hits you!!!!
Ouch! That really hurt!
You die...

▓▓▓▓▓▓▓▓▓▓▓▓▓▓▓▓▓▓
▓...▓...▓...▓...▓.
▓.▓.▓.▓.▓.▓.▓(▓.▓.
▓.▓.▓.▓.▓.▓.▓.▓.▓.
▓@▓.▓.▓.▓.▓.▓.▓.▓.
▓.▓'▓.▓.▓.▓.▓.▓.▓.
▓.▓.▓.▓.▓.▓.▓÷▓.▓.
▓.▓.▓.▓.▓.▓.▓.▓.▓.
▓.▓.▓.▓.▓.▓.▓.▓.▓.
▓D▓.▓.▓.▓.▓.▓.▓.▓.
▓.▓.▓.▓.▓.▓'▓.▓.▓.
▓.▓.▓.▓'▓.▓(▓.▓.▓.
▓.▓.▓.▓.▓.▓(▓.▓.▓.


You could see Xtahua (catching breath).

Vanquished Creatures
  An ancient lich (D)
  Boris (D)
  Margery (D)
  An Orb Guardian (D)
  A sphinx (D)
  Kirke (D)
  Ilsuiw (D)
  6 nagarajas (D)
  3 fire giants (D)
  An emperor scorpion (D)
  2 ghost moths (D)
  3 stone giants (D)
  An entropy weaver (D)
  2 ettins (D)
  3 merfolk impalers (D)
  2 merfolk javelineers (D)
  Josephine (D)
  A yaktaur captain (D)
  A great orb of eyes (D)
  A rakshasa (D)
  2 fire dragons (D)
  A ghost crab (D)
  A naga warrior (D)
  3 hydras (D)
  2 ice dragons (D)
  3 ogre magi (D)
  Erica (D)
  2 shambling mangroves (D)
  2 centaur warriors (D)
  2 alligators (D)
  A merfolk avatar (D)
  2 two-headed ogres (D)
  5 merfolk aquamancers (D)
  2 tengu warriors (D)
  A death yak (D)
  6 orc high priests (D)
  Urug (D)
  A deep elf knight (D)
  6 hell knights (D)
  2 sea snakes (D)
  9 swamp dragons (D)
  A naga ritualist (D)
  A spriggan druid (D)
  A glowing orange brain (D)
  2 lindwurms (D)
  10 orc knights (D)
  2 deep elf archers (D)
  A wolf spider (D)
  An ugly thing (D)
  A manticore (D)
  5 cyclopes (D)
  4 moths of wrath (D)
  A black mamba (D)
  2 guardian serpents (D)
  2 naga magi (D)
  2 vault sentinels (D)
  A cane toad (D)
  A yaktaur (D)
  A demonic crawler (D)
  An efreet (D)
  A komodo dragon (D)
  2 tyrant leeches (D)
  A meliai (D)
  A wind drake (D)
  4 merfolk (D)
  A polar bear (D)
  A troll (shapeshifter) (D)
  3 jumping spiders (D)
  7 hornets (D)
  A blink frog (D)
  2 redbacks (D)
  6 wraiths (D)
  4 hogs (D)
  4 nagas (D)
  A water moccasin (D)
  A swamp drake (D)
  7 orc warriors (D)
  3 ice beasts (D)
  An ogre (D)
  A wolf (D)
  A phantom (D)
  A centaur (D)
  7 bullfrogs (D)
  A scorpion (D)
  A howler monkey (D)
  A jelly (D)
  3 orc priests (D)
  6 orc wizards (D)
  An adder zombie (D)
  An adder skeleton (D)
  5 worms (D)
  A dart slug (D)
  A leopard gecko (D)
  6 orcs (D)
  2 bat zombies (D)
  A goblin (D)
  2 hobgoblins (D)
  A jackal (D)
223 creatures vanquished.

Vanquished Creatures (collateral kills)
  An ancient lich (D)
  A nagaraja (D)
  A ghost moth (D)
  A vault warden (D)
  A very ugly thing (D)
  A yellow draconian (D)
  2 fire dragons (D)
  A boulder beetle (D)
  A hydra (D)
  An anaconda (D)
  An ice dragon (D)
  A naga sharpshooter (D)
  A salamander mystic (D)
  An ironbrand convoker (D)
  A naga ritualist (D)
  A glowing orange brain (D)
  2 orc knights (D)
  2 cane toads (D)
  A rime drake (D)
  A yaktaur (D)
  A freezing wraith (D)
  A jumping spider (D)
  A slime creature (D)
  A water moccasin (D)
  A centaur (D)
28 creatures vanquished.

Vanquished Creatures (others)
  A cyclops (D)
  A tyrant leech (D)
  A hornet (D)
  A spriggan (D)
  A human (D)
  A quokka zombie (D)
6 creatures vanquished.

Grand Total: 257 creatures vanquished

Notes
Turn   | Place    | Note
-------+----------+-------------------------------------------
     0 | D        | mhtbhm the Halfling Fighter began the quest for the Orb.
     0 | D        | Reached XP level 1. HP: 15/15 MP: 1/1
    11 | D        | Reached skill level 4 in Shields
    11 | D        | Reached XP level 2. HP: 16/21 MP: 2/2
   105 | D        | Noticed an ogre
   105 | D        | Noticed a howler monkey
   105 | D        | Noticed a phantom
   107 | D        | Reached XP level 3. HP: 27/27 MP: 3/3
   114 | D        | Reached skill level 5 in Armour
   114 | D        | Reached skill level 5 in Shields
   114 | D        | Reached XP level 4. HP: 34/34 MP: 4/4
   118 | D        | Killed an ogre
   118 | D        | Reached skill level 5 in Fighting
   118 | D        | Reached skill level 5 in Long Blades
   118 | D        | Reached skill level 6 in Shields
   118 | D        | Reached XP level 5. HP: 41/41 MP: 5/5
   121 | D        | Killed a phantom
   121 | D        | Reached skill level 1 in Dodging
   121 | D        | Reached skill level 7 in Shields
   121 | D        | Reached XP level 6. HP: 47/47 MP: 6/6
   131 | D        | Found a roughly hewn altar of Beogh.
   131 | D        | Found a snail-covered altar of Cheibriados.
   131 | D        | Found a shadowy altar of Dithmenos.
   131 | D        | Found a white marble altar of Elyvilon.
   131 | D        | Found a blossoming altar of Fedhas.
   131 | D        | Found an opulent altar of Gozag.
   132 | D        | Found a hazy altar of Hepliaklqana.
   133 | D        | Found a viscous altar of Jiyva.
   134 | D        | Found an ancient bone altar of Kikubaaqudgha.
   135 | D        | Found a corrupted altar of Lugonu.
   136 | D        | Found a burning altar of Makhleb.
   137 | D        | Found a sparkling altar of Nemelex Xobeh.
   138 | D        | Found an iron altar of Okawaru.
   139 | D        | Found a stormy altar of Qazlal.
   140 | D        | Found a sacrificial altar of Ru.
   141 | D        | Found a shimmering blue altar of Sif Muna.
   142 | D        | Found a bloodstained altar of Trog.
   143 | D        | Found a hide-covered altar of Uskayaw.
   144 | D        | Found a radiant altar of Vehumet.
   145 | D        | Found an ornate altar of the Wu Jian Council.
   146 | D        | Found a shimmering altar of Xom.
   147 | D        | Found a basalt altar of Yredelemnul.
   148 | D        | Found a glowing silver altar of Zin.
   149 | D        | Found a glowing golden altar of the Shining One.
   160 | D        | Became a worshipper of Trog the Wrathful
   207 | D        | Noticed a two-headed ogre
   207 | D        | Noticed an ice beast
   214 | D        | Killed an ice beast
   219 | D        | Killed a two-headed ogre
   219 | D        | Reached * piety under Trog
   219 | D        | Reached skill level 9 in Shields
   219 | D        | Reached XP level 7. HP: 31/56 MP: 7/7
   219 | D        | Reached XP level 8. HP: 34/62 MP: 8/8
   226 | D        | Reached ** piety under Trog
   235 | D        | Noticed a cyclops
   235 | D        | Noticed a cyclops
   235 | D        | Noticed a komodo dragon
   235 | D        | Noticed a centaur warrior
   242 | D        | Killed a centaur warrior
   242 | D        | Reached skill level 10 in Shields
   242 | D        | Reached XP level 9. HP: 69/69 MP: 9/9
   260 | D        | Killed a komodo dragon
   260 | D        | Reached skill level 10 in Armour
   342 | D        | Killed a cyclops
   342 | D        | Reached *** piety under Trog
   342 | D        | Reached skill level 10 in Fighting
   342 | D        | Reached skill level 11 in Shields
   349 | D        | Killed a cyclops
   349 | D        | Reached XP level 10. HP: 74/76 MP: 10/10
   565 | D        | Gained mutation: Your skin changes colour to match your
                  | surroundings (Stealth+). [potion of mutation]
   565 | D        | Gained mutation: You are partially covered in icy blue
                  | scales. (AC +2) [potion of mutation]
   566 | D        | Noticed a cane toad
   571 | D        | Killed a cane toad
   572 | D        | Reached **** piety under Trog
   588 | D        | Reached ***** piety under Trog
   594 | D        | Reached skill level 5 in Dodging
   731 | D        | Noticed a cane toad
   731 | D        | Noticed a seven-headed hydra
   733 | D        | Noticed a cane toad
   740 | D        | Reached skill level 12 in Shields
   741 | D        | Noticed a rime drake
   753 | D        | Killed a 16-headed hydra
   756 | D        | Killed a cane toad
   756 | D        | Killed a cane toad
   756 | D        | Reached skill level 1 in Stealth
   757 | D        | Noticed a death yak
   757 | D        | Killed a rime drake
  1065 | D        | Killed a death yak
  1065 | D        | Reached XP level 11. HP: 56/83 MP: 11/11
  1187 | D        | Noticed a lindwurm
  1187 | D        | Noticed a lindwurm
  1197 | D        | Received a gift from Trog
  1206 | D        | Killed a lindwurm
  1217 | D        | Killed a lindwurm
  1217 | D        | Reached skill level 15 in Long Blades
  1217 | D        | Reached skill level 13 in Shields
  1355 | D        | Noticed Josephine
  1372 | D        | Killed Josephine
  1372 | D        | Reached ****** piety under Trog
  1372 | D        | Received a gift from Trog
  1457 | D        | Noticed Erica
  1473 | D        | Killed Erica
  1755 | D        | Noticed an orc knight
  1764 | D        | Killed an orc knight
  1765 | D        | Received a gift from Trog
  1943 | D        | Noticed an orc knight
  1947 | D        | Received a gift from Trog
  1953 | D        | Killed an orc knight
  1959 | D        | Noticed an orc knight
  1967 | D        | Noticed an orc knight
  1976 | D        | Killed an orc knight
  1979 | D        | Received a gift from Trog
  2029 | D        | Killed an orc knight
  2029 | D        | Reached XP level 12. HP: 94/94 MP: 4/12
  2163 | D        | Found Apeut's Weapon Boutique.
  2163 | D        | Noticed an orc high priest
  2163 | D        | Noticed an orc high priest
  2163 | D        | Noticed an orc high priest
  2167 | D        | Killed an orc high priest
  2173 | D        | Reached skill level 10 in Dodging
  2173 | D        | Reached skill level 14 in Shields
  2173 | D        | Reached skill level 1 in Evocations
  2174 | D        | Found Dung's Antique Weapon Shop.
  2183 | D        | Killed an orc high priest
  2188 | D        | Received a gift from Trog
  2188 | D        | Noticed an orc high priest
  2193 | D        | Found Yrupnan's Book Boutique.
  2195 | D        | Noticed a sixfirhy
  2197 | D        | Killed an orc high priest
  2746 | D        | Killed an orc high priest
  2785 | D        | Noticed an orc high priest
  2794 | D        | Killed an orc high priest
  2794 | D        | Received a gift from Trog
  3034 | D        | Noticed an orc high priest
  3038 | D        | Noticed a sun demon
  3044 | D        | Killed an orc high priest
  3223 | D        | Found Idummoeng's Distillery.
  3273 | D        | Bought a potion of might for 40 gold pieces
  3273 | D        | Bought a potion of stabbing for 40 gold pieces
  3273 | D        | Bought a potion of curing for 30 gold pieces
  3273 | D        | Bought a potion of might for 40 gold pieces
  3490 | D        | Noticed a two-headed ogre
  3492 | D        | Reached skill level 15 in Shields
  3498 | D        | Noticed a fire giant
  3501 | D        | Killed a two-headed ogre
  3503 | D        | Received a gift from Trog
  3503 | D        | Reached XP level 13. HP: 102/102 MP: 13/13
  3505 | D        | Noticed an ice dragon
  3506 | D        | Noticed a stone giant
  3509 | D        | Noticed a fire giant
  3525 | D        | Killed a fire giant
  3534 | D        | Killed an ice dragon
  3828 | D        | Killed a stone giant
  3828 | D        | Received a gift from Trog
  3828 | D        | Reached skill level 15 in Fighting
  4119 | D        | Killed a fire giant
  4136 | D        | Reached skill level 16 in Shields
  4526 | D        | Noticed Kirke
  4537 | D        | Killed Kirke
  4537 | D        | Received a gift from Trog
  4561 | D        | Noticed a merfolk impaler
  4578 | D        | Killed a merfolk impaler
  4588 | D        | Received a gift from Trog
  4612 | D        | Reached skill level 17 in Shields
  4750 | D        | Noticed an entropy weaver
  4768 | D        | Received a gift from Trog
  4776 | D        | Reached skill level 5 in Stealth
  4789 | D        | Killed an entropy weaver
  4789 | D        | Reached XP level 14. HP: 112/112 MP: 14/14
  4939 | D        | Received a gift from Trog
  4946 | D        | Reached skill level 15 in Armour
  5121 | D        | Received a gift from Trog
  5132 | D        | Reached skill level 18 in Shields
  5149 | D        | Received a gift from Trog
  5544 | D        | Noticed Urug
  5558 | D        | Killed Urug
  5558 | D        | Received a gift from Trog
  5679 | D        | Noticed a purple very ugly thing
  5679 | D        | Noticed a fire giant
  5696 | D        | Noticed a stone giant
  5712 | D        | Killed a fire giant
  5712 | D        | Reached skill level 19 in Shields
  5717 | D        | Killed a purple very ugly thing
  5717 | D        | Received a gift from Trog
  5814 | D        | Killed a stone giant
  6353 | D        | Received a gift from Trog
  6412 | D        | Noticed a stone giant
  6428 | D        | Killed a stone giant
  6449 | D        | Reached skill level 20 in Shields
  6490 | D        | Received a gift from Trog
  6490 | D        | Reached XP level 15. HP: 41/120 MP: 5/15
  6766 | D        | Noticed a sphinx
  6780 | D        | Received a gift from Trog
  6800 | D        | Killed a sphinx
  6800 | D        | Received a gift from Trog
  6805 | D        | Noticed a vault warden
  6838 | D        | Killed a vault warden
  6838 | D        | Received a gift from Trog
  6879 | D        | Noticed an ancient lich
  6880 | D        | Noticed an ancient lich
  6887 | D        | Paralysed by an ancient lich for 2 turns
  6900 | D        | Paralysed by an ancient lich for 2 turns
  6906 | D        | Killed an ancient lich
  6906 | D        | Reached skill level 15 in Dodging
  6906 | D        | Reached skill level 21 in Shields
  6913 | D        | Killed an ancient lich
  6913 | D        | Received a gift from Trog
  6918 | D        | Received a gift from Trog
  6964 | D        | Noticed an Orb Guardian
  6974 | D        | Killed an Orb Guardian
  6974 | D        | Reached skill level 22 in Shields
  7243 | D        | Noticed Boris
  7262 | D        | Killed Boris
  7262 | D        | Reached XP level 16. HP: 132/132 MP: 5/16
  7295 | D        | Noticed Margery
  7316 | D        | Received a gift from Trog
  7343 | D        | Killed Margery
  7356 | D        | Received a gift from Trog
  7998 | D        | Reached skill level 23 in Shields
  8083 | D        | Received a gift from Trog
  8113 | D        | Got a gossamer rune of Zot
  8349 | D        | Received a gift from Trog
  8381 | D        | Received a gift from Trog
  8390 | D        | Reached skill level 24 in Shields
  8410 | D        | Got a decaying rune of Zot
  8591 | D        | Noticed Ilsuiw
  8617 | D        | Killed Ilsuiw
  8617 | D        | Received a gift from Trog
  8628 | D        | Received a gift from Trog
  8680 | D        | Received a gift from Trog
  8713 | D        | Got a barnacled rune of Zot
  8939 | D        | Noticed a nagaraja
  8939 | D        | Noticed a nagaraja
  8939 | D        | Noticed a nagaraja
  8940 | D        | Noticed a nagaraja
  8950 | D        | Killed a nagaraja
  8950 | D        | Reached skill level 25 in Shields
  8951 | D        | Noticed a nagaraja
  8952 | D        | Received a gift from Trog
  8952 | D        | Reached XP level 17. HP: 142/142 MP: 5/17
  8981 | D        | HP: 6/143 [nagaraja/bolt of poison (8)]
  9419 | D        | Received a gift from Trog
  9824 | D        | Got a serpentine rune of Zot
  9855 | D        | Noticed Snorg
  9856 | D        | Noticed Xtahua
  9883 | D        | Paralysed by Xtahua for 6 turns
  9888 | D        | Killed from afar by Xtahua

Illustrated notes

Levels and vault maps discovered:
D:        linesprint [early_d, line_temple, items_1, d_10, items_2, lair_1,
          lair_end, items_3, orc_1, orc_end, items_4, d_15, swamp_1, shoals_1,
          snake_1, spider_1, d_20, vaults_1, items_5, swamp_end, shoals_end,
          snake_end, spider_end, vaults_end, d_27, items_6, zot_1, zot_end,
          crypt_end, forest_end, elf_end, slime_end, tomb_end, abyss_end,
          pan_hell_end]

Skill      XL: |  1  2  3  4  5  6  7  8  9 10 11 12 13 14 15 16 |
---------------+-------------------------------------------------+-----
Fighting       | 3 4 5 6 8 9 10 11 13 14 16 17 19 21 | 21.8
Armour         | 4 5 6 7 9 10 11 13 14 15 16 | 16.8
Shields        | 4 5 6 7 9 10 11 12 13 15 17 20 22 25 | 25.8
Long Blades    | 3 4 5 6 9 11 13 14 16 17 18 20 21 23 | 23.7
Dodging        | 1 2 3 4 6 9 11 12 14 15 16 | 16.8
Stealth        | 1 3 5 7 9 |  9.3
Evocations     | 2 3 |  3.8
Throwing       | |  0.5

Action                   |  1- 3 |  4- 6 |  7- 9 | 10-12 | 13-15 | 16-18 || total
-------------------------+-------+-------+-------+-------+-------+-------++-------
Melee: Long sword        |    18 |    10 |       |       |       |       ||    28
       Scimitar          |       |    11 |    39 |   294 |   249 |    77 ||   670
       Demon blade       |       |       |       |    37 |   228 |   284 ||   549
Throw: Throwing net      |       |       |       |       |       |     1 ||     1
Invok: Berserk           |       |       |     2 |     9 |     8 |     5 ||    24
       Brothers in Arms  |       |       |       |     3 |     7 |     4 ||    14
Evoke: Wand              |       |       |       |     4 |     6 |       ||    10
  Use: Potion            |     1 |     1 |     2 |     1 |     3 |     4 ||    12
       Scroll            |       |       |       |     2 |     1 |     1 ||     4
 Stab: Confused          |       |       |       |       |     2 |       ||     2
       Sleeping          |       |       |       |       |     2 |     2 ||     4
Armor: Scale mail        |     2 |     4 |       |       |       |       ||     6
       Ring mail         |       |     3 |     2 |    46 |       |       ||    51
       Chain mail        |       |       |       |    10 |       |       ||    10
       Swamp dragon scal |       |       |       |       |    86 |     1 ||    87
       Storm dragon scal |       |       |       |       |       |    70 ||    70
Dodge: Dodged            |     2 |     4 |    10 |    91 |   162 |   158 ||   427
Block: Kite shield       |     5 |    14 |    17 |   134 |   246 |   246 ||   662
       Rpst.: Scimitar   |       |       |     3 |    16 |    24 |     6 ||    49
       Demon blade       |       |       |       |     1 |     6 |     9 ||    16

Table legend: (Time is in decaauts)
 A = Elapsed time spent in this place.
 B = Non-inter-level travel time spent in this place.
 C = Inter-level travel time spent in this place.
 D = Time resting spent in this place.
 E = Time spent auto-exploring this place.
 F = Levels seen in this place.
 G = Mean time per level.
                   A        B        C        D        E       F      G
               +--------+--------+--------+--------+--------+-----+--------+
         Total |   9687 |   9687 |      0 |   5247 |    927 |   1 | 9687.0 |
       Dungeon |   9687 |   9687 |      0 |   5247 |    927 |   1 | 9687.0 |
               +--------+--------+--------+--------+--------+-----+--------+

Top non-repeatable levels by time:
       D: 9687 daAuts
